 Dungeon Crawl Stone Soup version 0.29.0-4-gdea44cf6ec (webtiles) character file.

Game seed: 14247702027716646410

79 qw the Chopper (level 4, 0/26 HPs)
             Began as a Tengu Warper on Aug 28, 2022.
             Slain by an orc wizard
             ... wielding a +0 dagger
              (2 damage)
             ... on level 3 of the Dungeon.
             The game lasted 00:00:12 (2580 turns).

qw the Chopper (Tengu Warper)                       Turns: 2580, Time: 00:00:12

Health: 0/26       AC:  3    Str: 14    XL:     4   Next: 38%
Magic:  8/8        EV: 12    Int: 13    God:
Gold:   90         SH:  0    Dex: 17    Spells: 7/7 levels left

rFire   . . .      SeeInvis .   Y - +0 hand axe
rCold   . . .      Faith    .   (no shield)
rNeg    + . .      Spirit   .   a - +1 robe of Zoecobo {Dex+4}
rPois   .          Reflect  .   (helmet restricted)
rElec   .          Harm     .   (no cloak)
rCorr   .          Rampage  .   (no gloves)
Will    .....                   (boots unavailable)
Stlth   ++........              (no amulet)
HPRegen 0.08/turn               f - ring of positive energy
MPRegen 0.11/turn               (no ring)

@: no status effects
A: beak, talons 3
a: no special abilities


You were on level 3 of the Dungeon.
You visited 1 branch of the dungeon, and saw 3 of its levels.

You collected 90 gold pieces.


Innate Abilities, Weirdness & Mutations

You have a beak for a mouth.
You have claws for feet.


   Skills:
 - Level 2.0 Fighting
 + Level 5.0 Axes
 - Level 1.0 Throwing
 - Level 1.1 Armour
 - Level 2.1 Dodging
 - Level 2.0 Spellcasting
 - Level 2.4 Translocations


You had 7 spell levels left.
You didn't know any spells.
Your spell library contained the following spells:

 Spells                   Type           Power      Damage    Failure   Level
 Blink                    Tloc           14%        N/A       14%         2
 Gell's Gravitas          Tloc           7%         N/A       28%         3
 Lesser Beckoning         Tloc           7%         N/A       28%         3
 Teleport Other           Tloc           7%         N/A       28%         3
 Manifold Assault         Tloc           7%         N/A       95%         5

Inventory:

Hand Weapons
 d - a +0 mace
 Y - a +0 hand axe (weapon)
Missiles
 g - 5 boomerangs (quivered)
Armour
 a - the +1 robe of Zoecobo (worn) {Dex+4}
   (You found it on level 2 of the Dungeon)

   Dex:       It affects your dexterity (+4).
 h - a +0 chain mail
Jewellery
 f - a ring of positive energy (left hand)
Scrolls
 c - a scroll of teleportation {unknown}
Potions
 b - a potion of flight {unknown}

Dungeon Overview and Level Annotations

Branches:
Dungeon (3/15)

Altars:


Message History

You closely miss the frilled lizard. You claw the frilled lizard.
You kill the frilled lizard! 2 orcs and an orc priest come into view.
The orc shouts!
The orc priest shouts!
The orc wizard shouts!
You hear a shout!
An orc comes into view. It is wielding a +0 club.
The orc priest invokes the aid of Beogh against you.
You barely resist.
2574 ||| Stepping ~*~*~tactically~*~*~ (hiding).
You see here a frilled lizard corpse.
The orc shouts!
The orc hits you with a +0 hand axe. The orc priest misses you.
You closely miss the orc priest. Your kick misses the orc priest.
You barely miss the orc. The orc hits you with a +0 hand axe.
The orc priest hits you but does no damage.
You barely miss the orc wizard. You claw the orc wizard.
You peck the orc wizard.
The orc wizard is severely wounded.
You closely miss the quokka. You hit the orc. You closely miss the orc priest.
You hit the orc but do no damage. The orc completely misses you.
The orc hits you with a +0 club. The orc priest closely misses you.
The orc wizard misses you. The quokka closely misses you.
You hit the orc wizard. Your peck misses the orc wizard.
The orc wizard is almost dead.
You hit the orc priest. You hit the orc but do no damage. You hit the quokka.
You hit the orc.
You kill the orc!
The orc wizard casts a spell at you. The puff of flame hits you!
The orc hits you with a +0 club.
The orc priest looks braver for a moment.
The quokka barely misses you.
Your Axes skill increases to level 5!
You closely miss the orc wizard.
The orc wizard is almost dead.
You hit the orc but do no damage. You hit the quokka.
You hit the orc but do no damage. You closely miss the orc priest.
The orc hits you with a +0 hand axe.
The orc wizard hits you with a +0 dagger.
You die...

....... .......
##....... #........
.##### #........
$.¤0¤.##########........
.¤¤¤.........%#oo......
.¤............@o......
#..........ro...... .#
#........[..#...... ¤#
#....)......#..#### ¤#
#...........# .# .#
###..............#
####............#.#.#
...)#..........##(#
....############


You could see an orc priest, an orc wizard, 2 orcs and a quokka.

Vanquished Creatures
  A jelly (D:3)
  3 worms (D:2)
  2 orcs (D:3)
  3 endoplasms
  A giant cockroach (D:2)
  2 goblins
  4 hobgoblins (D:2)
  4 kobolds
  4 quokkas
  5 ball pythons
  A bat (D:2)
  3 frilled lizards (D:3)
  2 rats
35 creatures vanquished.

Notes
Turn   | Place    | Note
-------+----------+-------------------------------------------
     0 | D:1      | qw the Tengu Warper began the quest for the Orb.
     0 | D:1      | Reached XP level 1. HP: 12/12 MP: 4/4
     0 | D:1      | 0 ||| qw: Version: 0.1-a-89-g26bdef1
     0 | D:1      | 0 ||| qw: Game counter: 3320
     0 | D:1      | 0 ||| qw: Always use a shield: true
     0 | D:1      | 0 ||| qw: God list: Okawaru
     0 | D:1      | 0 ||| qw: Allow faded altars: false
     0 | D:1      | 0 ||| qw: Do Orc after D:15 true
     0 | D:1      | 0 ||| qw: Do second Lair branch before Depths: true
     0 | D:1      | 0 ||| qw: Lair rune preference: random
     0 | D:1      | 0 ||| qw: Plans: Normal
     0 | D:1      | 0 ||| PLANNING D:1-11
   389 | D:1      | HP: 3/12 [constriction (1)]
   844 | D:1      | Reached skill level 3 in Axes
   844 | D:1      | Reached XP level 2. HP: 17/17 MP: 6/6
  1263 | D:1      | 1263 ||| UPGRADING to ring of positive energy.
  1264 | D:1      | 1264 ||| DRINKING 2 pink potions.
  1265 | D:1      | 1265 ||| DROPPING scroll of blinking.
  1266 | D:1      | 1266 ||| DROPPING potion of brilliance.
  1324 | D:2      | 1324 ||| STAIRDANCE
  1547 | D:2      | Found a faded altar of an unknown god.
  1577 | D:2      | 1577 ||| FLEEEEING.
  1579 | D:2      | 1579 ||| FLEEEEING.
  1580 | D:2      | 1580 ||| FLEEEEING.
  1581 | D:2      | 1581 ||| FLEEEEING.
  1582 | D:2      | 1582 ||| FLEEEEING.
  1583 | D:2      | 1583 ||| STAIRDANCE
  1734 | D:1      | 1734 ||| DROPPING amulet of faith.
  1735 | D:1      | 1735 ||| READING scroll labelled ABBEXUDOPH.
  1785 | D:2      | Identified the +1 robe of Zoecobo {Dex+4}
  1812 | D:2      | Reached XP level 3. HP: 11/21 MP: 7/7
  1999 | D:2      | Reached skill level 4 in Axes
  2385 | D:2      | 2385 ||| UPGRADING to +1 robe of Zoecobo {Dex+4}.
  2395 | D:2      | 2395 ||| DROPPING +0 leather armour.
  2396 | D:2      | 2396 ||| DROPPING ring of wizardry.
  2397 | D:2      | 2397 ||| READING scroll labelled KAZXEO RARAE.
  2487 | D:3      | Reached XP level 4. HP: 26/26 MP: 8/8
  2548 | D:3      | 2548 ||| DROPPING +0 club.
  2566 | D:3      | 2566 ||| Stepping ~*~*~tactically~*~*~ (stealth).
  2570 | D:3      | 2570 ||| Stepping ~*~*~tactically~*~*~ (stealth).
  2574 | D:3      | 2574 ||| Stepping ~*~*~tactically~*~*~ (hiding).
  2579 | D:3      | HP: 5/26 [orc/+0 club (2)]
  2580 | D:3      | Reached skill level 5 in Axes
  2580 | D:3      | HP: 2/26 [orc/+0 hand axe (3)]
  2580 | D:3      | Slain by an orc wizard

Levels and vault maps discovered:
D:1:      minmay_arrival_shattered_statue, layout_loops_corners
D:2:      layout_basic, hellmonk_ecumenical_altar_pennies_from_heaven,
          serial_bayou_lagoon_b
D:3:      corexii_shack_village, layout_rooms, lemuel_flame_loot_1

Skill      XL: |  1  2  3  4 |
---------------+-------------+-----
Axes           | 3 4 5 |  5.0
Fighting       | |  2.0
Throwing       | |  1.0
Armour         | |  1.1
Dodging        | |  2.1
Spellcasting   | |  2.0
Translocations | |  2.4

Action                   |  1- 3 |  4- 6 || total
-------------------------+-------+-------++-------
Melee: Hand axe          |    68 |    11 ||    79
       Kick              |    16 |     4 ||    20
       Peck              |     6 |     3 ||     9
Throw: Boomerang         |    18 |     8 ||    26
  Use: Scroll            |     2 |       ||     2
       Potion            |     1 |       ||     1
Armor: Leather armour    |     8 |       ||     8
       Robe              |       |     1 ||     1
Dodge: Dodged            |    31 |     9 ||    40

Table legend:
 A = Non-vault XP
 B = Vault XP
 C = Vault XP percentage of total XP
 D = Non-vault monster count
 E = Vault monster count
 F = Vault count percentage of total count
                 A         B        C        D         E       F
            +---------+---------+-------+---------+---------+-------
      Total |     114 |       0 |   0.0 |      35 |       0 |   0.0
            +---------+---------+-------+---------+---------+-------
        D:1 |      14 |       0 |   0.0 |       9 |       0 |   0.0
        D:2 |      40 |       0 |   0.0 |      17 |       0 |   0.0
        D:3 |      60 |       0 |   0.0 |       9 |       0 |   0.0
            +---------+---------+-------+---------+---------+-------
